Map: Traitor's Exile

Players

BizMac - Winner!

  • Race: Zerg Zerg
  • Spawn Location: 9:00

ILIEKEGGPIE - Winner!

  • Race: Protoss Protoss
  • League: Platinum
  • Spawn Location: 12:00

Fanenosk

  • Race: Terran Terran
  • League: Platinum
  • Spawn Location: 6:00

yof

  • Race: Protoss Protoss
  • League: Silver
  • Spawn Location: 5:00

VOD

Have the link to the VOD?

Description

Time

  • Played on: April 6, 2018, 1:04 p.m.
  • Length: 14:17
Show
View Real Time Build Order
Export as new Build Order

BizMac Zerg - Winner!

Build Orders: Pool First 

Get SALT Encoding   

  12  0:01  Drone  
  13  0:08  Drone  
  14  0:18  Overlord  
  14  0:36  Drone x3  
  17  0:43  Extractor  
  17  0:48  Spawning Pool  
  15  0:52  Drone  
  16  1:00  Drone  
  17  1:11  Drone  
  18  1:26  Hatchery  
  18  1:32  Drone  
  18  1:35  Overlord  
  18  1:45  Queen  
  20  1:57  Metabolic Boost  
  20  1:59  Drone  
  20  2:00  Drone  
  22  2:07  Zergling x2  
  23  2:14  Zergling x2  
  24  2:19  Extractor  
  23  2:30  Drone  
  23  2:34  Queen  
  26  2:38  Queen  
  26  2:40  Drone  
  26  2:41  Drone  
  30  2:48  Drone  
  31  2:54  Drone  
  32  3:03  Zergling x4  
  33  3:08  Roach Warren  
  32  3:26  Lair  
  32  3:27  Drone  
  32  3:28  Drone  
  33  3:40  Drone x2  
  35  3:41  Overlord x2  
  35  4:02  Evolution Chamber  
  35  4:05  Evolution Chamber  
  33  4:10  Drone x2  
  33  4:11  Drone  
  33  4:12  Drone x2  
  33  4:13  Drone x2  
  33  4:14  Drone  
  41  4:33  Drone x2  
  42  4:41  Zergling x10  
  35  5:19  Overseer  
  35  5:23  Spore Crawler  
  34  5:34  Drone x2  
  34  5:35  Drone x2  
  38  5:39  Extractor  
  38  5:40  Extractor  
  36  5:45  Drone x4  
  36  5:47  Drone x3  
  43  5:56  Hydralisk Den  
  42  6:02  Drone  
  42  6:03  Drone x3  
  46  6:05  Zerg Missile Weapons Level 1  
  46  6:06  Zerg Ground Armor Level 1  
  46  6:16  Drone x2  
  46  6:18  Drone  
  49  6:34  Glial Reconstitution  
  49  6:37  Grooved Spines  
  49  6:38  Roach  
  51  6:40  Overlord x4  
  51  6:41  Hatchery  
  50  6:50  Drone  
  50  6:51  Overlord  
  51  6:58  Drone x3  
  54  7:07  Roach x2, Hydralisk x3  
  54  7:08  Roach x2  
  68  7:19  Drone  
  69  7:31  Roach x3, Hydralisk x2  
  75  7:50  Spore Crawler  
  74  7:53  Spore Crawler  
  74  7:54  Spore Crawler  
  74  7:56  Hydralisk x3  
  74  7:57  Roach x4  
  86  8:14  Roach x2, Hydralisk x2  
  86  8:15  Roach  
  96  8:25  Muscular Augments  
  96  8:46  Overlord x5  
  96  8:51  Zerg Missile Weapons Level 2  
  96  8:53  Zerg Ground Armor Level 2  
  96  9:06  Drone  
  96  9:07  Drone x11  
  108  9:14  Drone  
  109  9:23  Drone x2, Extractor  
  110  9:25  Extractor  
  109  9:33  Hatchery, Hydralisk  
  109  9:34  Hydralisk  
  109  9:35  Roach x4  
  120  9:44  Drone x4  
  124  10:06  Drone x2  
  126  10:09  Drone x3  
  126  10:10  Overlord x3  
  126  10:11  Overlord x2  
  128  10:37  Roach x7, Hydralisk x7  
  156  10:46  Infestation Pit  
  155  10:51  Hydralisk x3  
  155  10:52  Roach  
  155  10:53  Roach  
  141  11:06  Hydralisk x2  
  141  11:07  Roach  
  133  11:34  Roach x3, Hydralisk x3  
  133  11:35  Roach x2  
  133  11:36  Roach x2  
  133  11:38  Hive  
  153  11:45  Evolution Chamber  
  150  11:47  Evolution Chamber  
  149  11:58  Hydralisk x3  
  149  11:59  Roach x2  
  149  12:00  Roach  
  131  12:32  Hydralisk x4  
  131  12:33  Hydralisk x2  
  131  12:34  Roach x6  
  131  12:35  Roach x4  
  147  12:57  Hydralisk x2  
  147  12:58  Hydralisk x3  
  153  12:59  Roach x3  
  163  13:12  Hydralisk x3  
  157  13:13  Roach  
  127  13:32  Hydralisk  
  127  13:33  Hydralisk x3  
  139  13:34  Roach x4  
  139  13:56  Roach x2  
Show
View Real Time Build Order
Export as new Build Order

ILIEKEGGPIE Protoss - Winner!

Build Orders: Colossus Rush 

Get SALT Encoding   

  12  0:01  Probe  
  13  0:13  Probe  
  14  0:18  Pylon  
  14  0:26  Probe (Chrono Boost)  
  15  0:38  Probe (Chrono Boost)  
  15  0:40  Gateway  
  16  0:46  Assimilator  
  16  0:48  Probe (Chrono Boost)  
  17  0:58  Probe  
  18  1:07  Pylon  
  18  1:10  Probe  
  19  1:22  Probe  
  20  1:31  Cybernetics Core  
  20  1:34  Probe  
  20  1:36  Assimilator  
  21  1:46  Probe  
  22  2:08  Stalker (Chrono Boost)  
  22  2:13  Nexus  
  24  2:26  Warp Gate (Chrono Boost)  
  24  2:28  Robotics Facility  
  24  2:40  Probe  
  25  2:45  Stalker  
  27  2:52  Probe  
  28  3:07  Gateway  
  28  3:11  Gateway  
  28  3:14  Pylon  
  28  3:23  Probe (Chrono Boost)  
  29  3:28  Observer  
  29  3:33  Probe (Chrono Boost)  
  31  3:38  Probe (Chrono Boost)  
  32  3:48  Forge  
  32  3:49  Probe  
  32  3:55  Stalker  
  37  4:05  Probe (Chrono Boost)  
  37  4:07  Assimilator, Probe (Chrono Boost)  
  37  4:12  Probe (Chrono Boost)  
  37  4:15  Probe (Chrono Boost)  
  39  4:17  Robotics Bay  
  39  4:26  Probe  
  40  4:32  Protoss Ground Weapons Level 1 (Chrono Boost), Pylon  
  39  4:40  Probe  
  40  4:47  Observer (Chrono Boost)  
  40  4:50  Stalker x2  
  45  5:22  Probe (Chrono Boost)  
  45  5:23  Colossus (Chrono Boost)  
  45  5:25  Extended Thermal Lance  
  45  5:27  Probe (Chrono Boost)  
  53  5:32  Gateway  
  53  5:35  Gateway, Probe (Chrono Boost)  
  54  5:38  Gateway  
  54  5:45  Photon Cannon  
  54  5:48  Sentry x3  
  60  5:54  Probe x2  
  62  6:11  Twilight Council  
  62  6:34  Assimilator  
  62  6:38  Protoss Ground Armor Level 1 (Chrono Boost)  
  62  6:57  Pylon  
  62  7:00  Photon Cannon  
  62  7:09  Charge  
  62  7:15  Immortal  
  66  7:20  Probe (Chrono Boost)  
  68  7:25  Probe (Chrono Boost)  
  68  7:33  Probe (Chrono Boost)  
  69  7:38  Nexus  
  69  7:41  Pylon  
  69  7:44  Probe, Pylon  
  69  7:46  Assimilator  
  70  7:55  Probe  
  70  7:58  Colossus (Chrono Boost)  
  76  8:30  Nexus  
  76  8:42  Templar Archives  
  76  8:44  Pylon  
  76  8:46  Pylon  
  76  8:52  Pylon  
  76  8:55  Pylon  
  76  9:00  Colossus (Chrono Boost)  
  76  9:01  Pylon  
  82  9:07  Pylon  
  82  9:14  Stalker x2, Sentry x2  
  82  9:15  Zealot, Sentry  
  94  9:27  Gateway  
  94  9:33  Gateway x2  
  94  9:35  Gateway  
  94  9:38  High Templar x3  
  98  9:40  Zealot x2  
  98  9:41  Zealot  
  98  9:45  Protoss Ground Weapons Level 2 (Chrono Boost)  
  106  9:56  Forge  
  106  10:01  Probe (Chrono Boost)  
  109  10:07  Probe x2 (Chrono Boost)  
  110  10:15  Probe (Chrono Boost)  
  110  10:27  Psionic Storm  
  110  10:37  Protoss Ground Armor Level 2 (Chrono Boost)  
  110  10:41  Colossus (Chrono Boost)  
  116  10:54  Stalker  
  116  10:55  Stalker x3  
  118  10:59  Archon  
  116  11:17  Zealot x2  
  116  11:18  Zealot x4  
  128  11:36  Zealot x4  
  136  11:42  Assimilator  
  92  12:42  Zealot, Probe (Chrono Boost)  
  92  12:43  Zealot x6  
  109  12:47  Probe (Chrono Boost)  
  109  12:48  Probe (Chrono Boost)  
  101  13:19  Colossus  
  105  13:30  Probe (Chrono Boost)  
  105  13:31  Stalker x4  
  105  13:32  Zealot x3, High Templar  
  105  13:33  High Templar x2  
  125  13:35  Probe (Chrono Boost)  
Show
View Real Time Build Order
Export as new Build Order

Fanenosk Terran 

Build Orders:  

Get SALT Encoding   

  12  0:00  SCV  
  13  0:12  SCV  
  14  0:30  Supply Depot  
  14  0:36  SCV  
  14  0:42  Refinery  
  15  0:51  SCV  
  15  0:52  Barracks  
  16  1:03  SCV  
  17  1:15  SCV  
  17  1:17  Refinery  
  18  1:22  Supply Depot  
  18  1:27  SCV  
  20  1:40  SCV  
  20  1:46  Factory  
  20  1:52  SCV  
  21  1:55  Barracks Reactor  
  21  2:01  Supply Depot  
  21  2:04  SCV  
  21  2:07  Engineering Bay  
  22  2:16  SCV  
  23  2:28  SCV  
  24  2:31  Starport, Widow Mine  
  24  2:32  Marine  
  24  2:34  Marine  
  28  2:48  Orbital Command  
  28  2:49  Marine  
  29  2:52  Marine  
  30  3:03  Widow Mine  
  32  3:10  Terran Infantry Weapons Level 1, Missile Turret  
  32  3:14  Supply Depot  
  32  3:33  Medivac  
  34  3:37  Marine x2  
  34  3:40  SCV  
  37  3:52  SCV  
  37  3:55  Marine x2  
  40  4:04  Command Center  
  40  4:15  Factory Tech Lab  
  40  4:17  Starport Reactor, Marine x2  
  42  4:34  Marine  
  42  4:35  Marine  
  36  5:17  Orbital Command  
  36  5:20  Barracks  
  34  5:23  Terran Infantry Armor Level 1  
  34  5:25  Armory  
  34  5:26  Barracks  
  34  5:28  Barracks  
  34  5:29  Engineering Bay  
  34  5:31  Siege Tank  
  34  5:32  Supply Depot x2  
  34  5:34  Orbital Command, Medivac  
  39  5:55  Medivac  
  41  5:57  Marine x2  
  41  6:01  SCV  
  41  6:02  SCV  
  45  6:14  SCV x2  
  47  6:22  Barracks Reactor, Barracks Tech Lab x2  
  47  6:24  Marine x2  
  49  6:29  SCV x2  
  51  6:38  Terran Infantry Weapons Level 2  
  51  6:41  Marine, SCV x2  
  51  6:42  Marine  
  51  6:46  Stimpack  
  55  6:53  Refinery  
  55  6:55  Refinery  
  55  6:59  Marine x2  
  55  7:00  Siege Tank  
  60  7:03  Marine x2  
  60  7:04  Marine x2  
  64  7:16  Viking  
  64  7:17  Marine x2  
  64  7:21  Marine x4  
  71  7:54  Marine x4  
  71  7:55  Marine x2  
  77  7:59  Command Center  
  77  8:01  SCV  
  78  8:08  SCV  
  78  8:09  Supply Depot  
  78  8:12  Marine x3  
  71  8:13  SCV  
  73  8:20  SCV  
  73  8:25  SCV  
  75  8:27  Siege Tank  
  75  8:32  SCV  
  72  8:44  SCV x2  
  72  8:47  Marine x2  
  72  8:48  Marauder, Marine x2  
  80  8:56  SCV x2  
  80  8:57  Supply Depot  
  80  8:58  Supply Depot  
  80  8:59  Siege Tank  
  80  9:02  Supply Depot  
  85  9:08  SCV  
  86  9:11  Orbital Command, Refinery, SCV  
  86  9:16  Supply Depot  
  87  9:21  Supply Depot  
  87  9:22  Supply Depot  
  87  9:24  Terran Infantry Weapons Level 3, Terran Infantry Armor Level 2  
  87  9:30  Marauder, Marine x2  
  91  9:33  SCV x2  
  91  9:36  SCV  
  94  9:45  SCV  
  95  9:49  Viking x2  
  99  9:59  Starport  
  99  10:03  Factory  
  99  10:06  Factory  
  99  10:07  Terran Vehicle Weapons Level 1  
  99  10:08  Starport  
  99  10:16  Refinery  
  99  10:22  Supply Depot  
  97  10:50  Viking  
  97  10:51  Viking  
  97  10:52  Factory Tech Lab x2  
  97  10:54  Starport Tech Lab  
  97  10:56  Starport Reactor  
  101  11:02  Marine x2  
  101  11:03  Marauder x2, Marine x2  
  109  11:18  SCV  
  110  11:20  Marine x3, Viking  
  110  11:21  Marine, Viking  
  110  11:24  Marauder x2  
  122  11:26  Command Center  
  122  11:30  SCV  
  123  11:35  Raven  
  123  11:38  Medivac x2  
  123  11:39  Corvid Reactor  
  129  11:42  SCV  
  129  11:46  Marauder x2  
  134  11:53  Marine x4  
  138  11:54  SCV  
  139  12:07  Marauder x2  
  143  12:10  Marine  
  141  12:18  Raven  
  127  12:28  Marauder  
  127  12:29  Marauder  
  98  12:39  Marine x4  
  98  12:41  Siege Tank  
  98  12:42  Siege Tank x2  
  111  12:50  Marauder x2  
  115  12:57  Marine x4  
  116  13:11  Marauder x2  
  106  13:13  Siege Tank  
  106  13:14  Marine  
  93  13:25  Marine x3  
  81  13:32  Marine  
  81  13:33  Marauder x2  
  65  13:44  Marine  
  65  13:45  Marine  
  53  13:54  Marauder x2  
Show
View Real Time Build Order
Export as new Build Order

yof Protoss 

Build Orders:  

Get SALT Encoding   

  12  0:00  Probe  
  13  0:22  Pylon  
  13  0:25  Probe (Chrono Boost)  
  15  0:35  Probe (Chrono Boost)  
  15  0:41  Gateway  
  15  0:46  Probe  
  16  0:52  Assimilator  
  16  0:58  Probe  
  17  1:08  Pylon  
  17  1:14  Probe (Chrono Boost)  
  18  1:24  Probe (Chrono Boost)  
  19  1:29  Probe (Chrono Boost)  
  19  1:30  Gateway  
  20  1:33  Cybernetics Core  
  20  2:02  Probe  
  20  2:05  Nexus  
  20  2:08  Assimilator  
  21  2:17  Warp Gate  
  21  2:22  Adept x2  
  25  2:37  Probe (Chrono Boost)  
  25  2:42  Forge  
  26  2:47  Probe (Chrono Boost)  
  27  3:21  Robotics Facility  
  27  3:23  Probe (Chrono Boost)  
  27  3:24  Pylon  
  29  3:32  Probe (Chrono Boost)  
  29  3:33  Probe (Chrono Boost)  
  28  3:38  Probe x2 (Chrono Boost)  
  28  3:50  Probe  
  29  4:02  Probe, Photon Cannon  
  30  4:05  Photon Cannon  
  30  4:06  Photon Cannon  
  30  4:10  Photon Cannon  
  30  4:12  Shield Battery  
  30  4:16  Probe (Chrono Boost)  
  31  4:28  Probe (Chrono Boost)  
  32  4:33  Gateway  
  32  4:37  Probe (Chrono Boost)  
  33  4:41  Immortal (Chrono Boost)  
  37  4:49  Gateway  
  37  4:52  Gateway  
  37  4:55  Stalker  
  39  5:02  Pylon  
  39  5:14  Pylon  
  39  5:19  Protoss Ground Weapons Level 1  
  39  5:26  Robotics Facility  
  39  5:29  Twilight Council  
  39  5:32  Pylon  
  39  5:34  Stalker  
  39  5:35  Stalker  
  43  5:42  Observer  
  44  5:50  Shield Battery  
  44  5:59  Stalker  
  44  6:01  Stalker  
  44  6:03  Immortal  
  52  6:07  Blink  
  52  6:17  Assimilator  
  52  6:18  Probe (Chrono Boost)  
  53  6:25  Warp Prism  
  53  6:28  Probe (Chrono Boost)  
  56  6:33  Probe (Chrono Boost)  
  57  6:45  Probe  
  58  6:53  Sentry x2  
  62  6:55  Stalker x2  
  62  6:56  Stalker  
  68  7:08  Probe  
  69  7:13  Assimilator  
  69  7:20  Probe  
  70  7:29  Templar Archives  
  70  7:32  Gateway x2, Probe  
  71  7:58  Nexus  
  71  8:23  Assimilator  
  71  8:32  High Templar  
  71  8:33  High Templar x2  
  77  8:41  Pylon  
  77  8:44  Pylon  
  77  8:58  Pylon  
  77  9:02  Photon Cannon  
  77  9:04  Photon Cannon  
  77  9:06  Photon Cannon  
  77  9:07  Shield Battery  
  77  9:10  Shield Battery, Probe (Chrono Boost)  
  78  9:19  Assimilator  
  78  9:21  Probe (Chrono Boost)  
  79  9:25  Probe (Chrono Boost)  
  79  9:27  High Templar x2  
  79  9:28  High Templar x2  
  79  9:30  Archon  
  88  9:32  Archon  
  88  9:34  Archon  
  88  9:36  High Templar  
  88  9:37  Probe  
  91  9:41  Archon  
  91  9:49  Probe  
  92  10:01  Probe  
  93  10:07  Stalker  
  93  10:08  Stalker x2  
  93  10:13  Probe  
  100  10:14  Immortal  
  100  10:16  Immortal  
  108  10:25  Probe  
  109  10:37  Probe  
  109  10:38  Pylon  
  110  10:48  Pylon  
  104  11:01  Stalker x2  
  104  11:02  Stalker x3  
  104  11:03  Stalker x2  
  78  11:26  Dark Shrine  
  78  11:33  Robotics Facility  
  78  11:38  Robotics Bay  
  76  11:45  Stalker  
  76  11:46  Stalker  
  76  11:47  Stalker x3  
  74  11:48  Stalker x2  
  74  11:52  Shield Battery  
  82  11:58  Shield Battery  
  80  12:16  Stalker x2  
  80  12:17  Stalker x2  
  80  12:18  Stalker  
  71  12:39  Dark Templar x2  
  53  12:51  Dark Templar x3  
  47  12:52  Dark Templar x2  
  47  13:32  Pylon  
  47  13:33  Dark Templar  
  47  13:34  Dark Templar x3  
  51  13:35  Dark Templar  
Tags
 
Add a new tag
Caveats
  • Supply blocks, unpowered buildings, or Contaminate may cause inaccurate times.
  • Supply counts are checked every 10 seconds.